 Dungeon Crawl Stone Soup version 0.26-b1-32-g5d43845318 (webtiles) character file.

Game seed: 8433936164233905391

34 HoaS the Ruffian (level 3, 0/29 HPs)
             Began as a Ghoul Gladiator on Jan 6, 2021.
             Slain by a worm (10 damage)
             ... on level 2 of the Dungeon.
             The game lasted 00:02:20 (765 turns).

HoaS the Ruffian (Ghoul Gladiator)                   Turns: 765, Time: 00:02:21

Health: 0/29       AC:  6    Str: 18    XL:     3   Next: 31%
Magic:  2/2        EV: 11    Int:  3    God:
Gold:   55         SH:  0    Dex: 10    Spells: 2/2 levels left

rFire    . . .     SeeInvis .     - Unarmed
rCold    + . .     Faith    .   (no shield)
rNeg     + + +     Spirit   .   h - +0 ring mail
rPois    ∞         Reflect  .   b - +0 helmet
rElec    .         Harm     .   (no cloak)
rCorr    .         Rampage  .   (no gloves)
Will     .....                  (no boots)
Stlth    ..........             (no amulet)
HPRegen  0.00/turn              (no ring)
MPRegen  0.08/turn              (no ring)

@: no status effects
A: claws 1, cold resistance 1, negative energy resistance 3, inhibited
regeneration, torment resistance, unbreathing
a: no special abilities


You were on level 2 of the Dungeon.
You visited 1 branch of the dungeon, and saw 2 of its levels.

You collected 55 gold pieces.

Inventory:

Missiles
 c - 3 throwing nets (quivered)
 d - 17 poisoned darts
 f - 7 datura-tipped darts
Armour
 b - a +0 helmet (worn)
 h - a +0 ring mail (worn)
Potions
 e - a potion of flight {unknown}
 g - a potion of might {unknown}
 i - a potion of brilliance {unknown}
 l - 2 potions of curing {unknown}


   Skills:
 - Level 2.1 Fighting
 - Level 1.7 Throwing
 - Level 2.6 Dodging
 + Level 4.7 Unarmed Combat


You had 2 spell levels left.
You didn't know any spells.
Your spell library was empty.

Dungeon Overview and Level Annotations

Branches:
Dungeon (2/15)

Altars:


Innate Abilities, Weirdness & Mutations

You thrive by killing the living.
You are immune to poison.
You have sharp fingernails.
Your flesh is cold resistant. (rC+)
You are immune to negative energy. (rN+++)
You do not regenerate when monsters are visible.
You are immune to unholy pain and torment.
You can survive without breathing.


Message History

You closely miss the bat. The bat hits you but does no damage.
The bat closely misses you.
You claw the bat!
You kill the bat!
A rat comes into view.
You see here a bat corpse.
The worm bites you!
You claw the worm!
The worm is heavily wounded.
The worm bites you!
You are too injured to fight recklessly!
You are too injured to fight recklessly!
You see here a bat corpse.
You swing at nothing.
You scratch the worm.
The worm is heavily wounded.
You claw the worm!
The worm is almost dead.
The worm bites you!
You die...

,,*,****,,,,,,,,*,*,,,,,,,*,,,,,,
,,,,,,,,.......,,,,,,,,,,,*,,,,,,
,,*,****.......,*,*,,,,,,,*,,,,,,
,,*,** *.......,*,*********,,,,,,
*,,,,* *.......,*,,,,,,* ****,**
*,,,,* *.......,*###**,*******,,*
*,,,,* *,*#....**#.#.....,,,,,,,<
,,,,,* *.##....###.#....#******,*
*,,,,* *......rw@..#....# *,,
,,,,****###....###.#....# ****,
,,,,,,,,.##....* #.#....# *,,,,
,,,,*###.#########.#....# *,,,,
*,,,,..#.#.......#.#...[# *,,,,
*,***#.#.#.#####.#.#....# *,,,,
*,* #.#.#.#####.#.#.#.## *,,,,
*,* #.#.#...........#.# *,,,,
#.####.#.#.#####.#.###.#*****,,,,


You could see a worm and a rat.

Vanquished Creatures
  A dart slug (D:1)
  2 leopard geckos
  2 giant cockroaches
  A goblin (D:1)
  3 hobgoblins (D:1)
  6 kobolds (D:1)
  6 bats
  2 frilled lizards (D:1)
  9 rats
32 creatures vanquished.

Notes
Turn   | Place    | Note
-------+----------+-------------------------------------------
     0 | D:1      | HoaS the Ghoul Gladiator began the quest for the Orb.
     0 | D:1      | Reached XP level 1. HP: 17/17 MP: 0/0
     1 | D:1      | Noticed an electric eel
    88 | D:1      | Reached XP level 2. HP: 24/24 MP: 1/1
   106 | D:1      | Reached skill level 4 in Unarmed Combat
   385 | D:1      | Reached XP level 3. HP: 29/29 MP: 2/2
   765 | D:2      | Slain by a worm

Illustrated notes

Levels and vault maps discovered:
D:1:      arrival_aquarium_a, layout_loops_ring, hex_tiny
D:2:      layout_basic, overflow_temple_1_default, marbit_many_paths,
          uniq_sigmund

Skill      XL: |  1  2 |
---------------+-------+-----
Unarmed Combat | 4 |  4.7
Fighting       | |  2.1
Throwing       | |  1.7
Dodging        | |  2.6

Action                   || total
-------------------------++-------
Melee: Unarmed           ||    99
       Punch             ||     1
  Use: Scroll            ||     4
Armor: Leather armour    ||    12
       Ring mail         ||    20
Dodge: Dodged            ||    54
